 Dungeon Crawl Stone Soup version 0.28.0 (webtiles) character file.

Game seed: 4277085327931933924

1797 Sanktem7 the Protected (level 8, 0/71 HPs)
             Began as a Minotaur Fighter on Feb 9, 2022.
             Killed from afar by Sigmund (7 damage)
             ... with a puff of flame
             ... on level 5 of the Dungeon.
             The game lasted 00:06:19 (3645 turns).

Sanktem7 the Protected (Minotaur Fighter)           Turns: 3645, Time: 00:06:19

Health: 0/71       AC:  8    Str: 23    XL:     8   Next: 83%
Magic:  0/7        EV: 10    Int:  5    God:
Gold:   213        SH:  0    Dex: 10    Spells: 7/7 levels left

rFire   . . .      SeeInvis .   m - +4 rapier (venom)
rCold   . . .      Faith    .   c - +0 buckler
rNeg    . . .      Spirit   +   b - +0 scale mail
rPois   .          Reflect  .   (helmet restricted)
rElec   .          Harm     .   (no cloak)
rCorr   .          Rampage  .   (no gloves)
Will    .....                   (no boots)
Stlth   ..........              o - amulet of guardian spirit
HPRegen 0.21/turn               e - ring of flight
MPRegen 0.10/turn               (no ring)

@: confused, flying
A: horns 2, retaliatory headbutt
a: no special abilities


You were on level 5 of the Dungeon.
You visited 1 branch of the dungeon, and saw 5 of its levels.

You collected 213 gold pieces.

Inventory:

Hand Weapons
 a - a +0 long sword
 m - a +4 rapier of venom (weapon)
Armour
 b - a +0 scale mail (worn)
 c - a +0 buckler (worn)
Jewellery
 e - a ring of flight (left hand)
 o - an amulet of guardian spirit (around neck)
Scrolls
 h - a scroll of fog {unknown}
 j - 2 scrolls of identify {unknown}
 k - a scroll of vulnerability {unknown}
 n - a scroll of enchant weapon {unknown}
 p - a scroll of teleportation {unknown}
 q - 2 scrolls of blinking {unknown}
 r - a scroll of immolation {unknown}
 s - a scroll of acquirement {unknown}
 v - a scroll of enchant armour {unknown}
 w - a scroll of fear {unknown}
Potions
 d - a potion of might
 f - 2 potions of curing {unknown}
 g - 3 potions of brilliance {unknown}
 i - a potion of flight {unknown}
 l - 2 potions of resistance {unknown}
 t - a potion of mutation {unknown}
 u - a potion of heal wounds {unknown}


   Skills:
 * Level 6.4 Fighting
 + Level 6.2(7.3) Short Blades
 * Level 6.3(7.7) Long Blades
 * Level 8.8 Armour
 + Level 1.9 Dodging
 + Level 4.2 Shields


You had 7 spell levels left.
You didn't know any spells.
Your spell library contained the following spells:

 Spells                   Type           Power      Damage    Failure   Level
 Sandblast                Erth           0%         2d4       83%         1
 Passwall                 Tmut/Erth      0%         N/A       93%         2
 Gell's Gravitas          Tloc           0%         N/A       99%         3
 Stone Arrow              Conj/Erth      0%         3d7       99%         3
 Teleport Other           Tloc           0%         N/A       99%         3
 Cause Fear               Hex            0%         N/A       100%        4
 Dispersal                Tloc           0%         N/A       100%        6
 Dragon Form              Tmut           0%         N/A       100%        7
 Dragon's Call            Summ           0%         N/A       100%        9


Dungeon Overview and Level Annotations

Branches:
Dungeon (5/15)
 Temple: D:4-7

Altars:
Kikubaaqudgha

Shops:
D:2 !   D:4 :(=

Annotations:
D:5 Sigmund


Innate Abilities, Weirdness & Mutations

You have a pair of horns on your head.
You reflexively headbutt those who attack you in melee.


Message History

Sigmund casts a spell at you. The puff of flame hits you.
* * * LOW HITPOINT WARNING * * *
Sigmund is nearby!
Sigmund gestures at you while chanting. You resist with some effort.
Sigmund points at you and mumbles some strange words.
You are confused.
Sigmund closely misses you.
You bump into the rock wall.
Sigmund casts a spell at you. You resist with some effort.
Sigmund hits you with a +1 vampiric scythe.
* * * LOW HITPOINT WARNING * * *
You're too confused to move!
You feel less confused.
You closely miss Sigmund.
Sigmund points at you and mumbles some strange words.
You are confused.
You bump into the rock wall.
Sigmund barely misses you.
You bump into the rock wall.
Sigmund closely misses you.
You bump into the rock wall.
You bump into the rock wall.
Sigmund gestures at you while chanting. You resist with some effort.
Sigmund hits you from afar with a +1 vampiric scythe!
* * * LOW HITPOINT WARNING * * *
You feel less confused. Sigmund gestures at you while chanting.
You are confused.
You closely miss Sigmund.
Sigmund breathes a few words.
Sigmund's hands start flickering wildly.
Sigmund hits you with a +1 vampiric scythe.
* * * LOW HITPOINT WARNING * * *
Sigmund points at you and mumbles some strange words.
The magic dart hits you. Sigmund gestures at you while chanting.
The puff of flame hits you!
You die...

#...?.# ##### #.....#
....##.....#
######..#.....##+######
........@........)<...#
.######.###.####.#.##)#
#.<##.# #.#..#+######
##.##@####.#..........
#..#@.....##.........
##.#.................
#.#....#............
#.#.#..'.........###
#.#.#.##....#....#
.......
#.#...##.>..#....#
.......
#.#.#########....#
....... #.#.# #....#
....... #.#.# #....#


You could see Sigmund.

Vanquished Creatures
  Pikel (D:4)
  Grinder (D:4)
  Eustachio (D:4)
  Menkaure (D:4)
  Duvessa (D:4)
  An orc warrior (D:5)
  A sky beast (D:5)
  An ogre (D:5)
  A necrophage (D:3)
  A scorpion (D:4)
  A water moccasin zombie (D:5)
  Dowan (D:4)
  2 hounds
  A jelly (D:5)
  A bullfrog skeleton (D:4)
  An orc wizard (D:5)
  2 hound skeletons
  3 adders
  2 ufetubi
  An adder skeleton (D:4)
  3 worms
  3 dart slugs
  3 orcs
  9 ball pythons
  5 bats
  3 endoplasms
  3 giant cockroaches
  2 goblins
  3 hobgoblins
  5 jackals
  A quokka (D:3)
  3 frilled lizards
  6 kobolds
  3 rats
77 creatures vanquished.

Vanquished Creatures (others)
  A human (D:3)
1 creature vanquished.

Grand Total: 78 creatures vanquished

Notes
Turn   | Place    | Note
-------+----------+-------------------------------------------
     0 | D:1      | Sanktem7 the Minotaur Fighter began the quest for the Orb.
     0 | D:1      | Reached XP level 1. HP: 19/19 MP: 0/0
   134 | D:1      | Found a faded altar of an unknown god.
   284 | D:1      | Reached XP level 2. HP: 27/27 MP: 1/1
   313 | D:1      | Reached skill level 4 in Armour
   818 | D:1      | Reached XP level 3. HP: 29/33 MP: 2/2
  1133 | D:2      | Found Kosyowa's Distillery.
  1715 | D:3      | Noticed a necrophage
  1729 | D:3      | Killed a necrophage
  1730 | D:3      | Reached skill level 5 in Armour
  1730 | D:3      | Reached XP level 4. HP: 35/41 MP: 3/3
  1730 | D:3      | Reached XP level 5. HP: 40/47 MP: 4/4
  2277 | D:3      | Found an ancient bone altar of Kikubaaqudgha.
  2278 | D:3      | Noticed a human
  2281 | D:3      | Killed a human
  2343 | D:4      | Reached skill level 1 in Short Blades
  2591 | D:4      | Noticed a lemure
  2593 | D:4      | Noticed Pikel
  2596 | D:4      | Noticed Grinder
  2601 | D:4      | Noticed a lemure
  2606 | D:4      | Noticed a lemure
  2607 | D:4      | Noticed a lemure
  2612 | D:4      | Killed Pikel
  2613 | D:4      | Reached skill level 5 in Fighting
  2613 | D:4      | Reached skill level 6 in Armour
  2613 | D:4      | Reached skill level 1 in Dodging
  2613 | D:4      | Reached XP level 6. HP: 42/56 MP: 3/5
  2613 | D:4      | Reached XP level 7. HP: 46/61 MP: 3/6
  2622 | D:4      | Killed Grinder
  2623 | D:4      | Reached skill level 5 in Long Blades
  2623 | D:4      | Reached skill level 7 in Armour
  2870 | D:4      | Noticed Menkaure
  2876 | D:4      | Killed Menkaure
  2877 | D:4      | Reached XP level 8. HP: 61/70 MP: 5/7
  2924 | D:4      | Noticed Eustachio
  2936 | D:4      | Killed Eustachio
  2937 | D:4      | Reached skill level 5 in Short Blades
  2942 | D:4      | Found Nuitt's Weapon Shoppe.
  2995 | D:4      | Found Jiletead's Book Emporium.
  2999 | D:4      | Found Zaitytul's Jewellery Shop.
  3001 | D:4      | Noticed Duvessa
  3004 | D:4      | Noticed Dowan
  3011 | D:4      | Killed Duvessa
  3012 | D:4      | Reached skill level 8 in Armour
  3019 | D:4      | Killed Dowan
  3204 | D:5      | Entered Level 5 of the Dungeon
  3547 | D:5      | HP: 1/70 [orc warrior (12)]
  3597 | D:5      | Noticed Sigmund
  3645 | D:5      | Killed from afar by Sigmund

Illustrated notes

Levels and vault maps discovered:
D:1:      tarquinn_simple_flora_water_b, layout_loops_ring,
          hellmonk_ecumenical_altar_inner_sanctum
D:2:      layout_loops_ring, serial_shops, nicolae_shop_advertising_works
          [nicolae_subvault_shop_adworks]
D:3:      layout_rooms, tgw_kikubaaqudgha, grunt_decor_fettered
D:4:      layout_basic, serial_shops, kennysheep_little_box, nicolae_shop_trees,
          shop, minmay_misc_feat_chi, kennysheep_cluttered_room, uniq_pikel,
          uniq_grinder, uniq_menkaure, uniq_duvessa, uniq_eustachio
D:5:      layout_basic, uniq_ijyb, uniq_sigmund

Skill      XL: |  1  2  3  4  5  6  7  8 |
---------------+-------------------------+-----
Armour         | 4 5 6 7 8 |  8.8
Fighting       | 4 5 6 |  6.4
Long Blades    | 3 4 5 6 |  6.3
Short Blades   | 4 6 |  6.2
Dodging        | 1 |  1.9
Shields        | 4 |  4.2

Action                   |  1- 3 |  4- 6 |  7- 9 || total
-------------------------+-------+-------+-------++-------
Melee: Long sword        |    46 |       |       ||    46
       Headbutt          |     7 |     4 |    17 ||    28
       Rapier            |    28 |    39 |    87 ||   154
Armor: Scale mail        |    30 |    10 |    23 ||    63
Dodge: Dodged            |    39 |    18 |    31 ||    88
Block: Buckler           |    10 |     5 |    10 ||    25
